 Dungeon Crawl Stone Soup version 0.13.1-27-ga479965 (webtiles) character file.

285 Badjas the Insei (level 5, -7/37 HPs)
             Began as a Merfolk Transmuter on Feb 1, 2014.
             Was a Follower of Fedhas.
             Killed by divine providence
             ... invoked by an orc priest
              (11 damage)
             ... on Level 3 of the Dungeon on Feb 2, 2014.
             The game lasted 00:57:21 (3233 turns).

Badjas the Insei (Merfolk Transmuter)               Turns: 3233, Time: 00:57:21

HP  -7/37        AC 12     Str 11      XL: 5   Next: 38%
MP   7/7         EV  0     Int 12      God: Fedhas [*.....]
Gold 129         SH  0     Dex 15      Spells:  1 memorised,  7 levels left

Res.Fire  : . . .   See Invis. : .   H - +0 halberd
Res.Cold  : . . .   Warding    : .   B - +0 plate armour (curse)
Life Prot.: . . .   Conserve   : .   (no shield)
Res.Poison: .       Res.Corr.  : .   (no helmet)
Res.Elec. : .       Clarity    : .   (no cloak)
Sust.Abil.: . .     Spirit.Shd : .   e - +1 pair of dwarf gauntlets (curse)
Res.Mut.  : .       Stasis     : .   (no boots)
Res.Rott. : .       Flight     : .   (no amulet)
Saprovore : . . .                    (no ring)
                                     (no ring)

@: slightly resistant to hostile enchantments, extremely unstealthy
A: change form in water, swift swim
a: Evolution, Renounce Religion


You were on level 3 of the Dungeon.
You worshipped Fedhas.
Fedhas was aware of your devotion.
You were not hungry.

You visited 1 branch of the dungeon, and saw 3 of its levels.

You collected 109 gold pieces.

Inventory:

Hand weapons
 f - a +0,+0 whip
 i - a +0,+1 dwarven dagger
 k - a +0,+0 mace
 t - a +2,+2 elven short sword of venom
 v - a +0,+0 dagger
 x - a -1,+1 orcish dagger
 C - a +0,+0 hand axe
 G - a +0,+0 spear
 H - a +0,+0 halberd (weapon)
 T - a +0,+0 trident
 V - a +1,+1 dwarven sabre
 Z - a cursed -3,+0 whip
Missiles
 b - 24 arrows
 o - a dart (quivered)
 w - 7 poisoned arrows
 A - 19 stones
Armour
 c - a +0 robe
 e - a cursed +1 pair of dwarven gauntlets (worn)
 h - a +2 robe
 n - a +0 troll hide
 p - a +0 animal skin
 r - a +0 leather armour
 y - a +0 robe
 B - a cursed +0 plate armour (worn)
 N - a +0 robe
 O - a +0 robe
 Q - a +0 robe
Comestibles
 a - a bread ration
 g - 2 meat rations
Scrolls
 m - a scroll of recharging {unknown}
 q - a scroll of noise {unknown}
 s - a scroll of remove curse {unknown}
 z - a scroll of enchant armour {unknown}
 K - a scroll of identify {unknown}
 L - a scroll of fog {unknown}
 M - a scroll of curse jewellery {unknown}
 S - 2 scrolls of teleportation
 X - a scroll of random uselessness {unknown}
Jewellery
 W - an uncursed ring of magical power {unknown}
 Y - an uncursed ring of invisibility {unknown}
Potions
 j - a potion of heal wounds {unknown}
 l - a potion of beneficial mutation {unknown}
 I - a potion of paralysis {unknown}
Books
 d - a book of Changes

   Spells                             Type                      Level
   *Beastly Appendage                 Transmutation                1
   Sticks to Snakes                   Transmutation                2
   Spider Form                        Transmutation/Poison         3
   Ice Form                           Ice/Transmutation            4
   Blade Hands                        Transmutation                5


   Skills:
 - Level 1.1 Fighting
 - Level 2.7 Short Blades
 * Level 2.7 Polearms
 - Level 3.0 Dodging
 - Level 4.5 Unarmed Combat
 - Level 2.2 Spellcasting
 + Level 3.6 Transmutations


You had 7 spell levels left.
You knew the following spells:

 Your Spells              Type           Power        Failure   Level  Hunger
a - Beastly Appendage     Trmt           #.....       100%        1    ##.....


Dungeon Overview and Level Annotations

Branches:
Dungeon (3/27)

Altars:
Fedhas

Annotations:
D:3 Grinder


Message History

The orc priest is moderately wounded.
The orc hits you but does no damage.
The orc priest hits you with an orcish dagger.
The orc priest looks braver.
You closely miss the orc priest.
The orc priest is moderately wounded.
The orc hits you but does no damage.
The orc wizard grunts noisily.
The orc priest calls down the wrath of Beogh upon you.
Something smites you!
* * * LOW HITPOINT WARNING * * *
The orc wizard mumbles some strange words.
The orc wizard seems to speed up.
The orc hits you with an orcish flail.
* * * LOW HITPOINT WARNING * * *
The orc wizard mumbles some strange words.
The orc wizard blinks!
The orc priest mumbles some strange prayers to Beogh against you.
Something smites you!
You die...
Fedhas appreciates your contribution to the ecosystem.

###### #.# #.# #.#
.....###.#####.# ...
####...........# #.#
#####..####.# #.# #..# #.#
#.# #..# #.# #.###########
#..####.######.#..........
#........o...ยง......######
#.......<@.o...####..o.o..
################ ########


You could see an orc priest and an orc.

Vanquished Creatures
  Jessica (D:2)
  4 gnolls
  3 adders
  A worm (D:2)
  2 orcs (D:3)
  8 bats
  3 giant cockroaches
  9 goblins
  8 hobgoblins
  6 kobolds
  A quokka (D:2)
  A ball python (D:1)
  2 giant geckos
  3 giant newts
  5 jackals
  14 rats
71 creatures vanquished.

Vanquished Creatures (others)
  25 toadstools
25 creatures vanquished.

Grand Total: 96 creatures vanquished

Notes
Turn   | Place    | Note
--------------------------------------------------------------
     0 | D:1      | Badjas, the Merfolk Transmuter, began the quest for the Orb.
     0 | D:1      | Reached XP level 1. HP: 15/15 MP: 1/1
    83 | D:1      | Reached XP level 2. HP: 19/21 MP: 0/3
   468 | D:1      | Reached skill level 1 in Short Blades
   469 | D:1      | Reached XP level 3. HP: 26/26 MP: 4/4
  1060 | D:2      | Reached skill level 4 in Unarmed Combat
  1115 | D:1      | HP: 1/26 [adder (2)]
  1674 | D:1      | Reached XP level 4. HP: 32/32 MP: 6/6
  1973 | D:2      | Found a blossoming altar of Fedhas.
  2007 | D:2      | Became a worshipper of Fedhas Madash
  2070 | D:2      | Noticed Jessica
  2107 | D:2      | Killed Jessica
  2107 | D:2      | Reached skill level 1 in Polearms
  2107 | D:2      | Reached XP level 5. HP: 37/37 MP: 7/7
  2150 | D:2      | Acquired Fedhas' first power
  2856 | D:3      | Noticed Grinder
  3233 | D:3      | Killed from afar by an orc priest

Action                   |  1- 3 |  4- 6 || total
-------------------------+-------+-------++-------
Melee: Unarmed           |    43 |       ||    43
       Dagger            |    18 |       ||    18
       Short sword       |    41 |    36 ||    77
       Halberd           |       |    77 ||    77
Throw: Club              |     3 |     2 ||     5
       Dart              |    30 |    26 ||    56
 Cast: Beastly Appendage |     6 |       ||     6
  Use: Scroll            |       |     4 ||     4
